 Dungeon Crawl Stone Soup version 0.31-a0-819-gf6de2f5ab6 (webtiles) character file.

Game seed: 3985865831265106679

41 Kurtz the Chopper (level 3, 4/26 HPs)
             Began as an Octopode Fighter on Sept 25, 2023.
             Quit the game on level 2 of the Dungeon.
             The game lasted 00:00:32 (638 turns).

Kurtz the Chopper (Octopode Fighter)                 Turns: 638, Time: 00:00:33

Health: 4/26       AC:  1    Str: 15    XL:     3   Next: 52%
Magic:  3/3        EV: 13    Int: 10    God:
Gold:   41         SH:  4    Dex: 13    Spells: 2/2 levels left

rFire   . . .        a - +0 war axe
rCold   . . .        b - +0 buckler
rNeg    . . .        (helmet restricted)
rPois   .            (no amulet)
rElec   .            (no ring)
rCorr   .            (no ring)
SInv    .            (no ring)
Will    .....        (no ring)
Stlth   ++           (no ring)
HPRegen 0.24/turn    (no ring)
MPRegen 0.08/turn    (no ring)
                     (no ring)

%: no passive effects
@: mighty, lethally poisoned (4 -> -20), slowed, very slow
A: almost no armour, amphibious, 8 rings, camouflage 1, gelatinous body 1,
(nimble swimmer 1), tentacles
a: no special abilities


You were on level 2 of the Dungeon.
You visited 1 branch of the dungeon, and saw 2 of its levels.

You collected 41 gold pieces.

Inventory:

Hand Weapons
 a - a +0 war axe (weapon)
Armour
 b - a +0 buckler (worn)
Scrolls
 d - 2 scrolls of identify {unknown}
 e - a scroll of immolation {unknown}


   Skills:
 - Level 3.0 Fighting
 * Level 3.8 Axes
 - Level 3.0 Dodging
 - Level 3.0 Shields


You had 2 spell levels left.
You didn't know any spells.
Your spell library was empty.

Dungeon Overview and Level Annotations

Branches:
Dungeon (2/15)

Altars:

Annotations:
D:2 Jessica, Robin


Innate Abilities, Weirdness & Mutations

You cannot wear most types of armour.
You are amphibious.
You can wear up to eight rings at the same time.
Your skin changes colour to match your surroundings (Stealth+).
Your rubbery body absorbs attacks. (AC +1, EV +1)
((You are camouflaged when in or above water. (Stealth+)))
You have tentacles for arms and can constrict up to eight enemies at once.


Message History

Your grab misses Jessica. You squeeze Jessica, but do no damage.
You hit the goblin. You completely miss the goblin.
Robin throws the goblin at you! You block the goblin's attack.
Jessica barely misses you. The goblin misses you. The goblin barely misses you.
Unknown command.
You barely miss the goblin. You grab the goblin.
The goblin is severely wounded.
You hit the goblin. You hit Jessica but do no damage. You hit the goblin.
You barely miss the goblin. You constrict the goblin.
You kill the goblin!
Robin throws the goblin at you! You block the goblin's attack.
The goblin barely misses you. The goblin hits you with a +0 club.
The goblin completely misses you. Jessica barely misses you.
You slash the goblin!
You kill the goblin!
You hit the goblin.
You kill the goblin!
You barely miss the goblin. You slash Jessica! You slash the goblin!
You kill the goblin!
The goblin hits you with a +0 dagger of venom.
You are poisoned.
Jessica points at you and mumbles some strange words.
You feel yourself slow down. You block Jessica's attack.
The goblin closely misses you.
The goblin hits you with a +0 dagger of venom.
You are lethally poisoned!
You feel very mighty all of a sudden.
You feel extremely sick. The goblin hits you with a +0 club.
* * * LOW HITPOINT WARNING * * *
Jessica closely misses you.
The goblin hits you with a +0 dagger of venom.
* * * LOW HITPOINT WARNING * * *
You are more poisoned.
You are too injured to fight recklessly!
Unknown command.
You are too injured to fight recklessly!
Unknown command.
Unknown command.
Are you sure you want to abandon this character and quit the game? (Confirm with "yes".)

#....[.....#
#.#........#
#.#.#########
#.#.†.#.....#
#.###.#.....#
#. #.......###
#.#####........
>....(g)###....
#.....g@# ..
..#..g@g#
#..ggg#
#.......#
#.##....# ..
+....# #...##
#...


You could see Robin, Jessica, 4 hobgoblins and 2 goblins.

Vanquished Creatures
  2 dart slugs (D:1)
  5 endoplasms
  A giant cockroach (D:1)
  10 goblins
  3 hobgoblins (D:1)
  2 quokkas (D:2)
  3 ball pythons (D:1)
  2 bats (D:1)
  A frilled lizard (D:1)
  2 rats
31 creatures vanquished.

Notes
Turn   | Place    | Note
-------+----------+-------------------------------------------
     0 | D:1      | Kurtz the Octopode Fighter began the quest for the Orb.
     0 | D:1      | Reached XP level 1. HP: 16/16 MP: 1/1
   112 | D:1      | Reached XP level 2. HP: 19/21 MP: 2/2
   259 | D:1      | Reached XP level 3. HP: 26/26 MP: 3/3
   631 | D:2      | Noticed Robin
   631 | D:2      | Noticed Jessica
   638 | D:2      | Quit the game

Illustrated notes

Levels and vault maps discovered:
D:1:      minmay_arrival_checkered_box, layout_basic
D:2:      layout_basic, minmay_tree_intersection, uniq_robin, uniq_jessica

Skill      XL: |  1  2 |
---------------+-------+-----
Axes           | 3 |  3.8
Fighting       | |  3.0
Dodging        | |  3.0
Shields        | |  3.0

Action                     || total
---------------------------++-------
  Melee: War axe           ||    46
         Constrict         ||    10
         Tentacles         ||     4
    Use: Potion            ||     1
   Stab: Sleeping          ||     6
 Armour: Skin              ||    24
  Dodge: Dodged            ||    27
  Block: Buckler           ||    12

Table legend: (Time is in decaauts)
 A = Elapsed time spent in this place.
 B = Non-inter-level travel time spent in this place.
 C = Inter-level travel time spent in this place.
 D = Time resting spent in this place.
 E = Time spent auto-exploring this place.
 F = Levels seen in this place.
 G = Mean time per level.
                   A        B        C        D        E       F      G
               +--------+--------+--------+--------+--------+-----+--------+
         Total |    655 |    640 |     15 |      0 |    490 |   2 |  327.5 |
       Dungeon |    655 |    640 |     15 |      0 |    490 |   2 |  327.5 |
               +--------+--------+--------+--------+--------+-----+--------+

Top non-repeatable levels by time:
     D:1: 490 daAuts
     D:2: 165 daAuts
